 Dungeon Crawl Stone Soup version 0.22-a0-567-gff9aefc (webtiles) character file.

14368 Amnesiac the Prestidigitator (level 11, -11/50 HPs)
             Began as a Spriggan Fighter on June 30, 2018.
             Was a Priest of Ru.
             Mangled by a yak (16 damage)
             ... on level 12 of the Dungeon.
             The game lasted 00:28:42 (13586 turns).

Amnesiac the Prestidigitator (Spriggan Fighter)    Turns: 13586, Time: 00:28:43

Health: -11/50     AC:  4    Str: 15    XL:     11   Next: 87%
Magic:  20/20      EV: 24    Int: 15    God:    Ru [***...]
Gold:   793        SH:  8    Dex: 15    Spells: 8/19 levels left

rFire    . . .     SeeInvis +   M - +0 dagger (drain)
rCold    . . .     Gourm    .   c - +0 buckler
rNeg     . . .     Faith    .   g - +0 troll leather armour
rPois    .         Spirit   .   (helmet restricted)
rElec    .         Reflect  .   (no cloak)
rCorr    .         Harm     .   (gloves unavailable)
MR       +....                  (boots unavailable)
Stlth    ++++......             (no amulet)
HPRegen  0.56/turn              y - +4 ring of intelligence
MPRegen  0.17/turn              w - ring of wizardry

@: exhausted, drained, very quick
A: very small, unfitting armour, see invisible, herbivore, speed 3, frail 1,
slow metabolism 2, hated by all
a: Draw Out Power, Renounce Religion


You were on level 12 of the Dungeon.
You worshipped Ru.
Ru was most pleased with you.
You were not hungry.

You visited 2 branches of the dungeon, and saw 13 of its levels.

You collected 793 gold pieces.

Inventory:

Hand Weapons
 a - the +3 quick blade of Ramybura {freeze, Str-3 Int+4 Dex+4}
   (You found it on level 9 of the Dungeon)

   It has been specially enchanted to freeze those struck by it, causing extra
   injury to most foes and up to half again as much damage against particularly
   susceptible opponents.
   It can also slow down cold-blooded creatures.
   It affects your strength (-3).
   It affects your intelligence (+4).
   It affects your dexterity (+4).
 b - a +2 dagger of holy wrath
 M - a +0 dagger of draining (weapon)
Missiles
 q - a throwing net (quivered)
Armour
 c - a +0 buckler (worn)
 g - a +0 troll leather armour (worn)
Jewellery
 n - an uncursed ring of resist corrosion
 w - a ring of wizardry (right hand)
 x - an uncursed ring of positive energy
 y - a +4 ring of intelligence (left hand)
 D - an uncursed ring of magical power
Wands
 s - a wand of paralysis (4)
 u - a wand of clouds (6)
 v - a wand of digging (12)
 E - a wand of enslavement (1)
 H - a wand of iceblast (9)
 I - a wand of polymorph (13)
Scrolls
 e - 3 scrolls of blinking {!r}
 h - a scroll of brand weapon {!r, unknown}
 i - 5 scrolls of identify {!r}
 j - 5 scrolls of remove curse {!r}
 o - 2 scrolls of fear {!r, unknown}
 p - 9 scrolls of teleportation {!r}
 r - a scroll of vulnerability {!r, unknown}
 t - 2 scrolls of enchant weapon {!r}
 z - 4 scrolls of amnesia {!r}
 C - 2 scrolls of fog {!r}
 G - 2 scrolls of magic mapping {!r}
 J - a scroll of enchant armour {!r}
Potions
 d - 3 potions of might {!q}
 k - 3 potions of haste {!q}
 l - a potion of curing {!q}
 m - a potion of resistance {!q}
 A - 3 potions of heal wounds {!q}
 B - 2 potions of lignification {!q}
 F - 2 potions of cancellation {!q}
 K - a potion of agility {!q}
Comestibles
 f - 16 rations


   Skills:
 + Level 5.4(5.0) Fighting
 - Level 10.0(9.7) Short Blades
 + Level 10.0(9.6) Dodging
 - Level 10.1(9.7) Stealth
 - Level 7.5(7.1) Shields
 + Level 4.9(4.6) Spellcasting
 + Level 11.3(10.9) Evocations


You had 8 spell levels left.
You knew the following spells:

 Your Spells              Type           Power        Failure   Level  Hunger
a - Confuse               Hex            #.......     26%         3    ###....
b - Poisonous Vapours     Pois/Air       #.....       13%         2    ##.....
e - Mephitic Cloud        Conj/Pois/Air  #.......     26%         3    ###....
w - Tukima's Dance        Hex            #.......     26%         3    ###....

Your spell library contained the following spells:

 Spells                   Type           Power        Failure   Level  Hunger
 Venom Bolt               Conj/Pois      #.........   90%         5    ######.
 Olgreb's Toxic Radiance  Pois           #.......     61%         4    ####...
 Sting                    Conj/Pois      #...         9%          1    None
 Ensorcelled Hibernation  Hex/Ice        #.....       13%         2    ##.....
 Corona                   Hex            #......      9%          1    None
 Dazzling Spray           Conj/Hex       #.....       26%         3    ###....


Dungeon Overview and Level Annotations

Branches:
Dungeon (12/15)            Temple (1/1) D:4            Lair (0/6) D:9
    Orc (0/2) D:12

Altars:
Ashenzari
Cheibriados
Dithmenos
Elyvilon
Fedhas
Gozag
Hepliaklqana
Kikubaaqudgha
Makhleb
Nemelex Xobeh
Okawaru
Qazlal
Ru
Sif Muna
Trog
Uskayaw
Vehumet
Wu Jian
Xom
Yredelemnul
Zin
The Shining One

Shops:
D:5 *


Innate Abilities, Weirdness & Mutations

You are very small and have problems with some larger weapons.
You are too small for most types of armour.
You have supernaturally acute eyesight. (SInv)
You are a herbivore.
You cover ground extremely quickly.
You are frail. (-10% HP)
You need to consume almost no food.
You are hated by all.


Message History

Okay, then.
You are restored by drawing out deep reserves of power within.
You feel drained. The yak completely misses you. The orc closely misses you.
You block the yak's attack. You block the orc priest's attack.
The yak completely misses you.
Your troll leather armour prevents you from hitting the orc priest.
The orc priest is heavily wounded.
The yak gores you.
You hit the orc priest but do no damage.
You drain the orc priest!
The orc priest is severely wounded.
The orc completely misses you. The yak closely misses you.
The orc priest is stunned by your will and fails to attack.
The yak gores you.
* * * LOW HITPOINT WARNING * * *
You focus your will and illuminate the yak in retribution!
You hit the orc priest but do no damage.
The orc priest is severely wounded.
You block the yak's attack. The orc misses you.
Your troll leather armour prevents you from hitting the orc priest.
The orc priest is severely wounded.
The yak completely misses you.
The orc priest begins to pray, but is stunned by your will!
You block the yak's attack.
You hit the orc priest but do no damage.
The orc priest is severely wounded.
The yak misses you.
You redirect the orc's attack!
The orc hits itself.
The orc shouts!
You hit the orc priest but do no damage.
The orc priest is severely wounded.
The yak gores you.
* * * LOW HITPOINT WARNING * * *
The orc priest is stunned by your will and fails to attack.
The yak gores you but does no damage.
You hit the orc priest but do no damage.
You drain the orc priest!
The orc priest is almost dead.
The yak stops glowing.
The yak barely misses you. You block the orc's attack.
You closely miss the orc priest.
The orc priest is almost dead.
The yak completely misses you. You block the orc priest's attack.
The yak misses you.
You closely miss the orc priest.
The orc priest is almost dead.
The yak barely misses you. You block the orc's attack.
You hit the orc priest but do no damage.
The orc priest is almost dead.
The yak gores you!
* * * LOW HITPOINT WARNING * * *
The orc priest mumbles some strange prayers to Beogh against you.
You easily resist.
The yak is stunned by your will and fails to attack.
The yak misses you.
You hit the orc priest but do no damage.
You drain the orc priest!
You kill the orc priest!
The orc completely misses you. The yak barely misses you. The yak gores you!
* * * LOW HITPOINT WARNING * * *
You see here a chain mail.
The yak gores you!
You die...

#########
####......
....>.....#
##.........
..........#
#..##......
..........#
#.###......
..........# ##.#
#......
..........###..#
#......
..=../....))((##
#......
..........#####
#......
#####@Y##
#......


#oYY# #...... #...o.o...# #####.. #.........# #####.# #.........# #......
#.........# #...... ............# +...<.. .............# #...... .......>......
#...... You could see 3 yaks and 3 orcs.

Vanquished Creatures
  A hydra (D:8)
  3 two-headed ogres
  2 unseen horrors
  An ugly thing (D:12)
  A cyclops (D:12)
  A centaur skeleton (D:11)
  A gargoyle (D:10)
  2 trolls
  2 hippogriffs
  2 dream sheep (D:8)
  10 yaks
  A steam dragon (D:11)
  A warg (D:12)
  A water moccasin (D:8)
  A phantom (D:9)
  4 orc warriors
  3 sky beasts
  4 ice beasts
  A black bear (D:7)
  3 wolves (D:9)
  An eye of draining (D:12)
  5 ogres
  A necrophage (D:11)
  5 centaurs
  3 big kobolds (D:8)
  10 bullfrogs
  7 scorpions
  A wyvern skeleton (D:6)
  3 killer bees
  12 wights
  5 howler monkeys
  A bullfrog zombie (D:12)
  2 centaur zombies
  5 crimson imps
  A quasit (D:10)
  A bullfrog skeleton (D:4)
  13 hounds
  5 orc priests
  3 jellies
  7 orc wizards
  An iguana (D:4)
  9 worker ants
  2 hound zombies
  A hound skeleton (D:11)
  4 gnolls (D:6)
  14 adders
  A river rat (D:9)
  5 shadow imps
  An adder skeleton (D:3)
  An adder zombie (D:7)
  2 dart slugs
  9 leopard geckos
  40 orcs
  2 ball pythons
  3 giant cockroaches
  9 goblins
  3 hobgoblins
  2 jackals (D:1)
  5 quokkas
  2 bats
  8 frilled lizards
  A jackal skeleton (D:4)
  9 kobolds
  4 rats
  A fungus (D:9)
275 creatures vanquished.

Vanquished Creatures (collateral kills)
  A centaur (D:11)
  A killer bee (D:10)
2 creatures vanquished.

Vanquished Creatures (others)
  A yak (D:12)
  An orc warrior (D:12)
  A centaur (D:11)
  A quokka (D:7)
4 creatures vanquished.

Grand Total: 281 creatures vanquished

Notes
Turn   | Place    | Note
-------+----------+-------------------------------------------
     0 | D:1      | Amnesiac the Spriggan Fighter began the quest for the Orb.
     0 | D:1      | Reached XP level 1. HP: 11/11 MP: 2/2
    14 | D:1      | Reached skill level 1 in Stealth
   241 | D:4      | Noticed an iguana
   281 | D:4      | Noticed a worker ant
   287 | D:4      | Killed a worker ant
   287 | D:4      | Reached XP level 2. HP: 7/16 MP: 3/3
   287 | D:4      | Reached XP level 3. HP: 8/19 MP: 4/4
   533 | D:4      | Noticed a scorpion
   537 | D:4      | Noticed a scorpion
   554 | D:4      | Noticed an ogre
   571 | D:5      | Entered Level 5 of the Dungeon
   571 | D:5      | Found Yghuyl's General Store.
   791 | D:5      | Noticed a scorpion
   835 | D:4      | Reached XP level 4. HP: 7/23 MP: 5/5
  1281 | D:5      | Found an iron altar of Okawaru.
  1421 | D:6      | Reached skill level 5 in Dodging
  1421 | D:6      | Reached XP level 5. HP: 16/27 MP: 6/6
  1589 | D:5      | Noticed a centaur
  1619 | D:5      | Killed a centaur
  1831 | D:5      | Found an opulent altar of Gozag.
  1968 | D:5      | Reached skill level 5 in Short Blades
  1968 | D:5      | Reached skill level 5 in Stealth
  1968 | D:5      | Reached XP level 6. HP: 32/32 MP: 7/7
  2430 | D:6      | Found an ancient bone altar of Kikubaaqudgha.
  2962 | D:6      | Noticed an ice beast
  2992 | D:6      | Found a burning altar of Makhleb.
  3000 | D:6      | Found an opulent altar of Gozag.
  3308 | D:7      | Found a white marble altar of Elyvilon.
  3346 | D:7      | Noticed a hippogriff
  3374 | D:7      | Found a bloodstained altar of Trog.
  3452 | D:7      | Reached XP level 7. HP: 29/35 MP: 8/8
  3515 | D:7      | Learned a level 3 spell: Confuse
  3519 | D:7      | Learned a level 3 spell: Tukima's Dance
  4321 | D:6      | Found an ornate altar of the Wu Jian Council.
  5051 | D:5      | Reached XP level 8. HP: 39/39 MP: 9/9
  5471 | D:4      | Found a staircase to the Ecumenical Temple.
  5478 | Temple   | Entered the Ecumenical Temple
  6109 | D:3      | Reached skill level 1 in Evocations
  6159 | D:3      | Reached skill level 2 in Evocations
  6541 | D:3      | Reached skill level 3 in Evocations
  6857 | D:7      | Reached skill level 4 in Evocations
  6908 | D:7      | Killed a hippogriff
  6908 | D:7      | Reached skill level 6 in Evocations
  7058 | D:8      | Reached skill level 7 in Evocations
  7273 | D:8      | Reached XP level 9. HP: 43/43 MP: 15/15
  7301 | D:8      | Reached skill level 8 in Evocations
  7608 | D:8      | Noticed a three-headed hydra
  7612 | D:8      | Killed a three-headed hydra
  7612 | D:8      | Reached skill level 10 in Short Blades
  7612 | D:8      | Reached skill level 10 in Stealth
  7704 | D:8      | Reached skill level 9 in Evocations
  8250 | D:7      | Reached XP level 10. HP: 47/47 MP: 17/17
  8675 | D:9      | Got a crude quick blade
  8676 | D:9      | Identified the +3 quick blade of Ramybura {freeze, Str-3 Int+4 Dex+4} (You found it on level 9 of the Dungeon)
  8785 | D:9      | Learned a level 3 spell: Mephitic Cloud
  8898 | D:9      | Found a blossoming altar of Fedhas.
  9008 | D:9      | Reached skill level 10 in Evocations
  9274 | D:9      | Reached skill level 5 in Shields
  9321 | D:9      | Found an ornate altar of the Wu Jian Council.
  9479 | D:9      | Found a staircase to the Lair.
  9757 | D:9      | Found a sacrificial altar of Ru.
  9977 | D:9      | Became a worshipper of Ru the Awakened
 10838 | D:10     | Entered Level 10 of the Dungeon
 10838 | D:10     | Noticed a two-headed ogre
 11120 | D:10     | Killed a two-headed ogre
 11215 | D:10     | Noticed a gargoyle
 11223 | D:10     | Noticed an unseen horror
 11243 | D:10     | Killed an unseen horror
 11243 | D:10     | Reached XP level 11. HP: 51/51 MP: 19/19
 11343 | D:10     | Gained mutation: You are frail. (-10% HP) [Ru sacrifice]
 11343 | D:10     | Reached * piety under Ru
 11343 | D:10     | Reached ** piety under Ru
 12001 | D:11     | Noticed a two-headed ogre
 12072 | D:11     | Reached skill level 1 in Spellcasting
 12088 | D:11     | Killed a two-headed ogre
 12163 | D:11     | Noticed a two-headed ogre
 12189 | D:11     | Killed a two-headed ogre
 12848 | D:12     | Noticed an unseen horror
 12881 | D:12     | Killed an unseen horror
 13059 | D:12     | Noticed a green ugly thing
 13062 | D:12     | Killed a green ugly thing
 13062 | D:12     | Reached skill level 5 in Fighting
 13118 | D:12     | Reached skill level 11 in Evocations
 13133 | D:12     | Learned a level 2 spell: Poisonous Vapours
 13150 | D:12     | Gained mutation: You are hated by all. [Ru sacrifice]
 13150 | D:12     | Reached *** piety under Ru
 13439 | D:12     | Found a staircase to the Orcish Mines.
 13456 | D:12     | Reached skill level 10 in Dodging
 13586 | D:12     | Mangled by a yak

Vault maps used:
D:1:      ncdulo_smallfort
D:3:      cheibrodos_old_hovel
D:4:      temple_green
D:5:      okawaru_metal_pillars_1_2, first_ration, serial_shops, shop,
          grunt_gozag_breadcrumbs
D:6:      kennysheep_little_box, lemuel_crystal_altar, minitemple,
          hangedman_decor_growths, kennysheep_generic_room_8
D:7:      elyvilon_altar_4, bloody_trog
D:8:      hangedman_ranch
D:9:      lemuel_doored_altar, nicolae_ru_the_path_less_chosen,
          erik_lair_island, basic_altar, kennysheep_generic_room_4
D:11:     minmay_the_grid_octo_2x2
D:12:     david_orc_3, minivault_11
Temple:   eino_temple_lava

Skill      XL: |  1  2  3  4  5  6  7  8  9 10 11 |
---------------+----------------------------------+-----
Stealth        | 2 3 4 5 6 7 8 10 | 10.1
Short Blades   | 3 4 5 6 7 8 10 | 10.0
Dodging        | 5 6 7 8 10 | 10.0
Evocations     | 7 9 10 11 | 11.3
Shields        | 3 7 |  7.5
Fighting       | 5 |  5.4
Spellcasting   | 4 |  4.9

Action                   |  1- 3 |  4- 6 |  7- 9 | 10-12 || total
-------------------------+-------+-------+-------+-------++-------
Melee: Rapier            |    26 |       |       |       ||    26
       Dagger            |    10 |   145 |   634 |   362 ||  1151
       Quick blade       |       |       |       |   705 ||   705
 Cast: Poisonous Vapours |       |       |       |     6 ||     6
       Confuse           |       |       |       |     1 ||     1
       Mephitic Cloud    |       |       |       |     1 ||     1
Invok: Draw Out Power    |       |       |       |     1 ||     1
       Sacrifice Health  |       |       |       |     1 ||     1
       Sacrifice Love    |       |       |       |     1 ||     1
Evoke: Wand              |       |       |       |     6 ||     6
  Use: Potion            |     1 |     1 |     2 |     6 ||    10
       Scroll            |       |     6 |       |     9 ||    15
 Stab: Sleeping          |     2 |     6 |    16 |    23 ||    47
       Distracted        |       |     1 |     5 |     9 ||    15
       Confused          |       |       |       |     2 ||     2
       Paralysed         |       |       |       |     1 ||     1
       Betrayed ally     |       |       |       |     1 ||     1
  Eat: Ration            |       |       |     3 |     5 ||     8
Armor: Robe              |     6 |     4 |    17 |     2 ||    29
       Skin              |       |    12 |       |       ||    12
       Troll leather arm |       |       |       |    17 ||    17
Dodge: Dodged            |    27 |   109 |   268 |   291 ||   695
Block: Buckler           |    12 |    43 |   106 |   168 ||   329

Table legend:
 A = Spawn XP
 B = Non-spawn XP
 C = Spawn XP percentage of total XP
 D = Spawn monster count
 E = Non-spawn monster count
 F = Spawn count percentage of total count
 G = Total turns spent on level
                    A         B        C        D         E        F      G
               +---------+---------+-------+---------+---------+-------+---------
         Total |       0 |   20526 |   0.0 |       0 |     279 |   0.0 | 13586
               +---------+---------+-------+---------+---------+-------+---------
           D:1 |       0 |      29 |   0.0 |       0 |      18 |   0.0 |   694
           D:2 |       0 |      66 |   0.0 |       0 |      17 |   0.0 |   510
           D:3 |       0 |     158 |   0.0 |       0 |      22 |   0.0 |   703
           D:4 |       0 |     434 |   0.0 |       0 |      20 |   0.0 |  1329
           D:5 |       0 |     453 |   0.0 |       0 |      14 |   0.0 |  1396
           D:6 |       0 |     721 |   0.0 |       0 |      17 |   0.0 |  2446
           D:7 |       0 |    1364 |   0.0 |       0 |      22 |   0.0 |  1120
           D:8 |       0 |    2742 |   0.0 |       0 |      18 |   0.0 |  1222
           D:9 |       0 |    2659 |   0.0 |       0 |      39 |   0.0 |  1542
          D:10 |       0 |    3565 |   0.0 |       0 |      24 |   0.0 |   734
          D:11 |       0 |    3820 |   0.0 |       0 |      20 |   0.0 |  1017
          D:12 |       0 |    4515 |   0.0 |       0 |      48 |   0.0 |   853
               +---------+---------+-------+---------+---------+-------+---------
